 Dungeon Crawl Stone Soup version 0.27.1-33-g824d729ab1 (webtiles) character file.

Game seed: 7757756773722171634

52 markt42 the Covered (level 3, -3/34 HPs)
             Began as a Gargoyle Fighter on Dec 31, 2021.
             Slain by a hobgoblin (4 damage)
             ... led by Robin
             ... on level 2 of the Dungeon.
             The game lasted 00:02:03 (1578 turns).

markt42 the Covered (Gargoyle Fighter)              Turns: 1578, Time: 00:02:04

Health: -3/34      AC: 21    Str: 19    XL:     3   Next: 85%
Magic:  3/3        EV:  2    Int:  8    God:
Gold:   92         SH: 10    Dex: 18    Spells: 2/2 levels left

rFire    . . .     SeeInvis .   a - +0 flail
rCold    . . .     Faith    .   c - +0 kite shield
rNeg     + + +     Spirit   .   (armour currently unavailable)
rPois    ∞         Reflect  .   (helmet currently unavailable)
rElec    .         Harm     .   (cloak currently unavailable)
rCorr    .         Rampage  .   (gloves currently unavailable)
Will     .....     Clarity  +   (boots currently unavailable) Stlth ++........NoTele +
                                (no amulet)
HPRegen  0.11/turn              g - +6 ring of dexterity
MPRegen  0.08/turn              (no ring)

@: mighty, tree-form
A: stationary, stasis, torment immunity, boosted hp, sickness immunity, AC +3,
negative energy resistance 1, (electricity resistance), torment resistance 1,
petrification resistance, (antennae 1), agile 1, clarity, screaming 1
a: no special abilities


You were on level 2 of the Dungeon.
You were a tree.
You visited 1 branch of the dungeon, and saw 2 of its levels.

You collected 92 gold pieces.

Inventory:

Hand Weapons
 a - a +0 flail (weapon)
Armour
 b - a +0 scale mail (melded)
 c - a +0 kite shield (worn)
 k - a +0 pair of boots (melded)
Jewellery
 g - a +6 ring of dexterity (left branch)
Scrolls
 f - a scroll of identify {unknown}
 h - a scroll of teleportation {unknown}


   Skills:
 + Level 3.5 Fighting
 + Level 3.0 Maces & Flails
 + Level 3.6 Armour
 + Level 0.8 Dodging
 + Level 3.6 Shields


You had 2 spell levels left.
You didn't know any spells.
Your spell library contained the following spells:

 Spells                   Type           Power      Damage    Failure   Level
 Sandblast                Erth           0%         2d4       88%         1
 Passwall                 Tmut/Erth      0%         N/A       96%         2
 Lee's Rapid Deconstruct  Erth           0%         3d5*      100%        5


Dungeon Overview and Level Annotations

Branches:
Dungeon (2/15)

Altars:

Annotations:
D:2 Robin


Innate Abilities, Weirdness & Mutations

You are a tree.
Your roots penetrate the ground, keeping you stationary.
You cannot be teleported.
You are immune to unholy pain and torment.
Your maximum health is greatly increased.
Your equipment is partially melded.
You are immune to sickness and miasma.
((Your stone body is resilient. (AC +3)))
You are immune to poison.
You resist negative energy. (rN+)
((You are resistant to electric shocks. (rElec)))
You are resistant to unholy torment.
You are immune to petrification.
((You have a pair of small antennae on your head.))
You are agile. (Dex +2)
You possess an exceptional clarity of mind.
You occasionally shout uncontrollably at your foes.


Message History

Robin closely misses you.
You barely miss the hobgoblin.
The goblin no longer looks unusually strong.
The goblin completely misses you. The hobgoblin hits you.
* * * LOW HITPOINT WARNING * * *
Robin roars a battlecry!
The goblin goes into a battle-frenzy!
The goblin hits you but does no damage.
You hear a shout!
It was a potion of lignification.
You turn into a tree.
Your +0 pair of boots melds into your body.
Your +0 scale mail melds into your body.
Your roots penetrate the ground.
The hobgoblin hits you but does no damage.
You block Robin's attack. The goblin hits you but does no damage.
It was a potion of mutation.
You feel extremely strange.
You feel the urge to shout. A pair of antennae grows on your head!
You feel agile.
Your thoughts seem clearer.
The hobgoblin no longer looks unusually strong.
The hobgoblin hits you.
* * * LOW HITPOINT WARNING * * *
Robin roars a battlecry!
The hobgoblin goes into a battle-frenzy!
The goblin hits you but does no damage.
You barely miss the hobgoblin.
The hobgoblin hits you but does no damage.
You block Robin's attack. The goblin hits you but does no damage.
The hobgoblin hits you.
* * * LOW HITPOINT WARNING * * *
Unknown command.
Your shield prevents you from hitting the hobgoblin.
Robin hits you but does no damage. The goblin hits you but does no damage.
You block the hobgoblin's attack.
Robin says, "Bow before me, strongest of all the hobgoblins!"
Robin hits you but does no damage. You block the goblin's attack.
Unknown command.
You hit the hobgoblin.
The hobgoblin is severely wounded.
The hobgoblin hits you.
You die...

...^.......#.#.#
# ..
.........#.#.# #
...........#.# #
..#.#..#)#.#.#.#.
. #..............
.###..#.#.......
#<.....gg.....##
###.#.#g#..##.#
#.#.#♣#..# #
#....g....#
#..........#
.#...........
..........###.#
.#.......## #
#........#
##........


You could see Robin, 2 hobgoblins and a goblin (strong).

Vanquished Creatures
  An adder (D:2)
  3 ball pythons
  2 bats (D:1)
  An endoplasm (D:1)
  3 giant cockroaches
  7 goblins
  8 hobgoblins
  3 jackals (D:1)
  2 kobolds (D:1)
  A quokka (D:1)
  4 frilled lizards
  2 rats (D:2)
37 creatures vanquished.

Notes
Turn   | Place    | Note
-------+----------+-------------------------------------------
     0 | D:1      | markt42 the Gargoyle Fighter began the quest for the Orb.
     0 | D:1      | Reached XP level 1. HP: 14/14 MP: 1/1
   405 | D:1      | Reached XP level 2. HP: 19/19 MP: 2/2
   873 | D:1      | Reached XP level 3. HP: 21/23 MP: 3/3
  1556 | D:2      | Noticed Robin
  1575 | D:2      | Gained mutation: You occasionally shout uncontrollably at
                  | your foes. [potion of mutation]
  1575 | D:2      | Gained mutation: You have a pair of small antennae on your
                  | head. [potion of mutation]
  1575 | D:2      | Gained mutation: You are agile. (Dex +2) [potion of
                  | mutation]
  1575 | D:2      | Gained mutation: You possess an exceptional clarity of
                  | mind. [potion of mutation]
  1576 | D:2      | HP: 1/34 [hobgoblin[Robin] (2)]
  1578 | D:2      | Slain by a hobgoblin

Illustrated notes

Levels and vault maps discovered:
D:1:      lightli_arrival_windingriver, layout_loops_ring, minmay_quantized
D:2:      layout_loops_ring, uniq_crazy_yiuf_cottage, uniq_robin

Skill      XL: |  1  2  3 |
---------------+----------+-----
Maces & Flails | 3 |  3.0
Fighting       | |  3.5
Armour         | |  3.6
Dodging        | |  0.8
Shields        | |  3.6

Action                   || total
-------------------------++-------
Melee: Flail             ||   132
  Use: Potion            ||     5
Armor: Scale mail        ||   100
       Skin              ||     8
Dodge: Dodged            ||    61
Block: Kite shield       ||    85
